 Dungeon Crawl Stone Soup version 0.19-a0-1875-g4fea3da (webtiles) character file.

340 Avanven the Cudgeler (level 6, -6/39 HPs)
             Began as a Gargoyle Fighter on Oct 13, 2016.
             Mangled by an ogre
             ... wielding a +0 giant club
              (25 damage)
             ... on level 3 of the Dungeon.
             The game lasted 00:03:40 (2154 turns).

Avanven the Cudgeler (Gargoyle Fighter)             Turns: 2154, Time: 00:03:40

Health: -6/39      AC: 11    Str: 22      XL:     6   Next: 56%
Magic:  6/6        EV:  7    Int:  8      God:
Gold:   143        SH:  9    Dex:  8 (9)  Spells: 0 memorised, 5 levels left

rFire  . . .     SeeInvis .     d - +1 flail (distort)
rCold  . . .     Gourm    .     b - +0 scale mail
rNeg   + . .     Faith    .     c - +0 shield
rPois  ∞         Spirit   .     (no helmet)
rElec  +         Dismiss  .     (no cloak)
rCorr  .         Reflect  .     (no gloves)
MR     .....     Harm     .     (no boots)
Stlth  ..........               (no amulet)
                                (no ring)
                                (no ring)

@: no status effects
A: negative energy resistance 1, electricity resistance, unbreathing,
petrification resistance, rot immunity, AC +4
a: no special abilities


You were on level 3 of the Dungeon.
You were not hungry.

You visited 1 branch of the dungeon, and saw 3 of its levels.

You collected 143 gold pieces.

Inventory:

Hand Weapons
 a - a +0 flail
 d - a +1 flail of distortion (weapon)
Armour
 b - a +0 scale mail (worn)
 c - a +0 shield (worn)
Scrolls
 e - 4 scrolls of amnesia {unknown}
 h - 4 scrolls of identify {unknown}
 j - 4 scrolls of immolation {unknown}
 l - a scroll of fog {unknown}
 m - a scroll of teleportation {unknown}
 n - a scroll of fear {unknown}
Comestibles
 f - 2 bread rations
 i - 4 chunks of flesh


   Skills:
 + Level 4.6 Fighting
 * Level 5.0 Maces & Flails
 - Level 3.2 Armour
 + Level 4.9 Shields


You had 5 spell levels left.
You didn't know any spells.

Dungeon Overview and Level Annotations

Branches:
Dungeon (3/15)

Altars:
Sif Muna

Annotations:
Abyss:1 Grinder, Terence


Innate Abilities, Weirdness & Mutations

You are resistant to torment.
Your stone body is resilient. (AC +4)
You are immune to poison.
You resist negative energy. (rN+)
You are resistant to electric shocks. (rElec)
You can survive without breathing.
You are immune to petrification.
You are immune to rotting.


Message History

A bat is nearby!
A bat is nearby!
An ogre comes into view. It is wielding a giant club.
The ogre shouts!
You block the bat's attack. The bat hits you but does no damage.
You thump the bat!
You kill the bat!
You see here a bat corpse.
You thump the ogre!
The ogre is moderately wounded.
The ogre blinks!
A jackal comes into view.
The ogre hits you with a giant club!
A gnoll comes into view. It is wielding a spear.
You see here a helmet.
Your shield prevents you from hitting the ogre.
The ogre is moderately wounded.
The ogre hits you with a giant club!!
Ouch! That really hurt!
You die...

.........#....................#
.........#........##..).......#
###......#........##..........###
.........%...>.....#...>.........
...................##............
..... .g.........##............
..... ........................
..... ........................
##.. .....hO@................
........................
..........†.............
#########....##...#.....
#....##...#.....
.P.....##...#.....
≈≈≈≈....#..........
≈≈≈≈≈....#..........
###≈≈....#..........


You could see an ogre, a gnoll and a jackal.

Vanquished Creatures
  5 adders
  2 oozes (D:2)
  3 worms
  2 leopard geckos
  2 orcs
  A ball python (D:2)
  7 bats
  2 giant cockroaches
  4 goblins
  9 hobgoblins
  7 jackals
  A quokka (D:2)
  6 frilled lizards (D:1)
  6 kobolds
  7 rats
64 creatures vanquished.

Notes
Turn   | Place    | Note
-------+----------+-------------------------------------------
     0 | D:1      | Avanven the Gargoyle Fighter began the quest for the Orb.
     0 | D:1      | Reached XP level 1. HP: 14/14 MP: 1/1
   214 | D:1      | Reached XP level 2. HP: 19/19 MP: 2/2
   584 | D:1      | Reached XP level 3. HP: 22/23 MP: 3/3
   626 | D:1      | Reached skill level 3 in Maces & Flails
  1216 | D:2      | Reached XP level 4. HP: 24/29 MP: 4/4
  1578 | D:2      | Found a deep blue altar of Sif Muna.
  2059 | D:3      | Noticed Terence
  2064 | D:3      | Reached skill level 4 in Maces & Flails
  2064 | D:3      | Reached XP level 5. HP: 27/33 MP: 5/5
  2071 | D:3      | Banished Terence
  2092 | D:3      | Noticed Grinder
  2114 | D:3      | Banished Grinder
  2114 | D:3      | Reached skill level 5 in Maces & Flails
  2114 | D:3      | Reached XP level 6. HP: 24/39 MP: 6/6
  2154 | D:3      | Mangled by an ogre

Vault maps used:
D:1:      nicolae_arrival_somewhat_less_tricky_arrival
D:2:      led_sif_pool, serial_forest, infiniplex_forest_lined_corner,
          infiniplex_forest_clump_tiny, infiniplex_forest_pool,
          infiniplex_forest_split, infiniplex_forest_diagonal
D:3:      lemuel_castle_with_subvaults, first_bread, elyvilon_altar_1,
          uniq_terence, uniq_grinder, uniq_robin

Skill      XL: |  1  2  3  4  5 |
---------------+----------------+-----
Maces & Flails | 3 4 5 |  5.0
Shields        | 4 |  4.9
Fighting       | 4 |  4.6
Armour         | |  3.2

Action                   |  1- 3 |  4- 6 || total
-------------------------+-------+-------++-------
Melee: Flail             |   162 |   132 ||   294
  Use: Potion            |       |     3 ||     3
  Eat: Chunk             |     1 |     4 ||     5
Armor: Scale mail        |   101 |    64 ||   165
Dodge: Dodged            |    52 |    36 ||    88
Block: Shield            |   106 |    70 ||   176
